 Dungeon Crawl Stone Soup version 0.24-a0-56-g8f19387 (webtiles) character file.

Game seed: 10719264498005533261

58 Blackhawk the Shield-Bearer (level 4, 0/29 HPs)
             Began as a Gargoyle Fighter on Feb 4, 2019.
             Slain by an ogre
             ... wielding a +0 giant club
              (17 damage)
             ... on level 4 of the Dungeon.
             The game lasted 00:02:59 (1883 turns).

Blackhawk the Shield-Bearer (Gargoyle Fighter)      Turns: 1883, Time: 00:02:59

Health: 0/29       AC: 12    Str: 21    XL:     4   Next: 2%
Magic:  4/4        EV:  4    Int:  8    God:
Gold:   56         SH:  9    Dex:  9    Spells: 3/3 levels left

rFire    . . .     SeeInvis .   a - +0 war axe
rCold    . . .     Gourm    .   c - +0 shield
rNeg     + . .     Faith    .   b - +0 scale mail
rPois    ∞         Spirit   .   q - +1 helmet
rElec    +         Reflect  .   (no cloak)
rCorr    .         Harm     .   (no gloves)
MR       .....                  (no boots)
Stlth    ..........             (no amulet)
HPRegen  0.09/turn              h - -3 ring of evasion (curse)
MPRegen  0.09/turn              (no ring)

@: no status effects
A: negative energy resistance 1, electricity resistance, unbreathing,
petrification resistance, rot immunity, AC +3
a: no special abilities


You were on level 4 of the Dungeon.
You were not hungry.

You visited 1 branch of the dungeon, and saw 3 of its levels.

You collected 56 gold pieces.

Inventory:

Hand Weapons
 a - a +0 war axe (weapon)
Armour
 b - a +0 scale mail (worn)
 c - a +0 shield (worn)
 q - a +1 helmet (worn)
Jewellery
 h - a cursed -3 ring of evasion (left hand)
Scrolls
 g - a scroll of enchant weapon {unknown}
 i - 5 scrolls of identify {unknown}
 j - a scroll of remove curse {unknown}
 m - a scroll of teleportation {unknown}
 p - a scroll of fog {unknown}
Potions
 d - a potion of might
 e - 2 potions of magic {unknown}
 k - a potion of ambrosia {unknown}
 l - a potion of degeneration {unknown}
 n - 2 potions of agility {unknown}
Comestibles
 f - 3 rations


   Skills:
 + Level 3.8 Fighting
 + Level 2.4 Axes
 + Level 3.8 Armour
 + Level 3.9 Shields


You had 3 spell levels left.
You didn't know any spells.
Your spell library was empty.

Dungeon Overview and Level Annotations

Branches:
Dungeon (2/15)

Altars:


Innate Abilities, Weirdness & Mutations

You are resistant to torment.
Your stone body is resilient. (AC +3)
You are immune to poison.
You resist negative energy. (rN+)
You are resistant to electric shocks. (rElec)
You can survive without breathing.
You are immune to petrification.
You are immune to rotting.


Message History

a stone; a +0 dagger; a +0 whip You see here a stone.
You see here 25 stones.
Found 9 arrows.
A rat comes into view.
The rat twitches its whiskers.
The rat moves out of view.
You fall through a shaft for 2 floors!
The shaft crumbles and collapses.
An ogre comes into view. It is wielding a +0 giant club.
The ogre shouts!
You hear a shout!
Found 15 gold pieces.
An ogre comes into view. It is wielding a +0 giant spiked club.
You hit the ogre but do no damage. The ogre hits you with a +0 giant club!
You are too injured to fight recklessly!
You slash the ogre!
The ogre is heavily wounded.
The ogre hits you with a +0 giant club!
Ouch! That really hurt!
You die...

... .. .#
#.
...##.#####
.........#
#O.....#
#..O...#
#...@..#
#......#
#........#
##.......#
#.$.#####
##.. #..
#..


You could see 2 ogres.

Vanquished Creatures
  An adder (D:2)
  A worm (D:2)
  A dart slug (D:1)
  2 leopard geckos
  2 giant cockroaches (D:2)
  5 goblins
  3 hobgoblins
  6 jackals (D:2)
  9 kobolds
  2 bats
  5 frilled lizards
  3 rats
40 creatures vanquished.

Notes
Turn   | Place    | Note
-------+----------+-------------------------------------------
     0 | D:1      | Blackhawk the Gargoyle Fighter began the quest for the Orb.
     0 | D:1      | Reached XP level 1. HP: 14/14 MP: 1/1
   249 | D:1      | Reached XP level 2. HP: 16/19 MP: 2/2
  1086 | D:2      | Reached XP level 3. HP: 23/23 MP: 3/3
  1599 | D:2      | Reached XP level 4. HP: 26/29 MP: 4/4
  1879 | D:2      | You fall through a shaft for 2 floors!
  1879 | D:4      | Noticed an ogre
  1880 | D:4      | Noticed an ogre
  1883 | D:4      | Slain by an ogre

Vault maps used:
D:1:      lemuel_arrival_muddy
D:2:      first_ration
D:4:      hex_intersection, uniq_blork_the_orc

Skill      XL: |  1  2 |
---------------+-------+-----
Axes           | 2 |  2.4
Fighting       | |  3.8
Armour         | |  3.8
Shields        | |  3.9

Action                   |  1- 3 |  4- 6 || total
-------------------------+-------+-------++-------
Melee: War axe           |   145 |     2 ||   147
  Eat: Chunk             |     2 |     1 ||     3
Armor: Scale mail        |   106 |       ||   106
Dodge: Dodged            |    22 |       ||    22
Block: Shield            |    85 |       ||    85

Table legend:
 A = Non-vault XP
 B = Vault XP
 C = Vault XP percentage of total XP
 D = Non-vault monster count
 E = Vault monster count
 F = Vault count percentage of total count
                 A         B        C        D         E       F
            +---------+---------+-------+---------+---------+-------
      Total |      84 |       0 |   0.0 |      40 |       0 |   0.0
            +---------+---------+-------+---------+---------+-------
        D:1 |      23 |       0 |   0.0 |      14 |       0 |   0.0
        D:2 |      61 |       0 |   0.0 |      26 |       0 |   0.0
            +---------+---------+-------+---------+---------+-------
